 Dungeon Crawl Stone Soup version bcrawl-1.39.1 (webtiles) character file.

Game seed: 10920827978546507256

300597 Finalfun the Grappler (level 11, -3/74 HPs)
             Began as an Octopode Fighter on Sept 20, 2023.
             Was a Follower of the Shining One.
             Slain by a porcupine (12 damage)
             ... on level 7 of the Dungeon.
             The game lasted 00:42:50 (10196 turns).

Finalfun the Grappler (Octopode Fighter)           Turns: 10196, Time: 00:42:50

Health: -3/74      AC:  3    Str: 19    XL:     11   Next: 9%
Magic:  11/11      EV: 12    Int: 11    God:    the Shining One [*.....]
Gold:   307        SH: 11    Dex: 11    Spells: 10/10 levels left

rFire    + . .     GDR:     23%   - Tentacles (20.8)
rCold    . . .     SeeInvis +   a - +0 medium shield
rNeg     . . .     Gourm    .   t - +2 hat
rPois    +         Faith    .   (cloak restricted)
rElec    .         Spirit   .   l - amulet of magic regeneration
rCorr    .         Reflect  .   d - ring of poison resistance
MR       .....                  q - ring of protection from fire
Stlth    +.........             y - ring of wizardry
HPRegen  0.22/turn              z - ring of see invisible
MPRegen  0.36/turn              (no ring)
                                (no ring)
                                (no ring)
                                (no ring)

@: glowing
A: almost no armour, stealthy swim, resist paralysis, amphibious, 8 rings,
constrict 8, camouflage 1, gelatinous body 1
a: Divine Shield, Renounce Religion


You were on level 7 of the Dungeon.
You worshipped the Shining One.
The Shining One was aware of your devotion.
You were hungry.

You visited 3 branches of the dungeon, and saw 9 of its levels.

You collected 496 gold pieces.
You spent 189 gold pieces at shops.

Inventory:

Missiles
 f - a throwing net {=f}
 o - 137 poisoned tomahawks (quivered)
 s - 1277 stones
Armour
 a - a +0 medium shield (worn)
 t - a +2 hat (worn)
Jewellery
 d - a ring of poison resistance (left tentacle)
 l - an amulet of magic regeneration (around mantle)
 q - a ring of protection from fire (right tentacle)
 y - a ring of wizardry (on tentacle)
 z - a ring of see invisible (on tentacle)
Wands
 u - a wand of disintegration (24)
 w - a wand of digging (14)
 B - a wand of polymorph (14)
 F - a wand of flame (19)
Scrolls
 g - a scroll of fog
 h - 2 scrolls of enchant armour
 i - a scroll of fear
 j - 4 scrolls of revelation
 k - a scroll of enchant weapon
 m - a scroll of teleportation
 p - 3 scrolls of remove curse
 r - a scroll of immolation
 D - a scroll of noise
Potions
 b - a potion of might
 c - 2 potions of agility
 n - 2 potions of heal wounds {unknown}
 x - a potion of cancellation {unknown}
 A - a potion of flight {unknown}
 C - 2 potions of mutation
 E - a potion of degeneration {unknown}
Comestibles
 e - 19 rations {!d}


   Skills:
 + Level 6.9 Fighting
 - Level 6.0 Dodging
 - Level 0.7 Stealth
 - Level 9.0 Shields
 - Level 12.0 Unarmed Combat


You had 10 spell levels left.
You didn't know any spells.
Your spell library contained the following spells:

 Spells                   Type           Power        Failure   Level  Hunger
 Apportation              Tloc           #.....       61%         1    None
 Corona                   Hex            #......      61%         1    None
 Infusion                 Chrm           #.......     61%         1    None
 Sandblast                Erth           #.....       61%         1    None
 Slow                     Hex            #.......     61%         1    None
 Summon Butterflies       Summ           #.......     61%         1    None


Dungeon Overview and Level Annotations

Branches:
Dungeon (7/12)             Temple (1/1) D:6            Lair (1/6) D:7

Altars:
Ashenzari
Cheibriados
Dithmenos
Elyvilon
Fedhas
Gozag
Hepliaklqana
Kikubaaqudgha
Lugonu
Makhleb
Nemelex Xobeh
Okawaru
Qazlal
Ru
Sif Muna
Trog
Uskayaw
Vehumet
Wu Jian
Xom
Yredelemnul
Zin
The Shining One

Shops:
D:5 *

Annotations:
D:5 exclusions: necrophage and 1 more exclusion
Lair:1 Urug


Innate Abilities, Weirdness & Mutations

You cannot wear most types of armour.
You are very stealthy in the water. (Stealth+)
Your unusual nervous system resists paralysis.
You are amphibious.
You can wear up to eight rings at the same time.
You can use your tentacles to constrict eight enemies at once.
Your skin changes colour to match your surroundings (Stealth+).
Your rubbery body absorbs attacks. (AC +1, EV +1)


Message History

You block the porcupine's attack.
Press: ? - help, v - describe, . - travel This square is lit by a halo.
The porcupine closely misses you. The porcupine bites you!
* * * LOW HITPOINT WARNING * * *
You block the porcupine's attack. The porcupine closely misses you.
You block the porcupine's attack.
You are feeling hungry.
The porcupine barely misses you.
The porcupine twitches its whiskers.
You block the porcupine's attack. You block the porcupine's attack.
The porcupine bites you.
* * * LOW HITPOINT WARNING * * *
You block the porcupine's attack. You block the porcupine's attack.
The porcupine bites you!
You die...

####### #.....# #.###.#
####### ### #.###.###
#.....# ##.## #.#......
#.....######...###.....##.
#........@r............##.
#.....######...###........
# ###.....# ##.##
###.#.##. ## #.....####
#.# ###.##. .# #.##.....#
#.# #.#.. .# #.##..##.#
##'## #.#.# .# #.##..##.#
##...## #.#.# .#
##.#...##.# ##.....##
#.#.# .# #.......#.#
#.......# #....


You could see a porcupine.

Vanquished Creatures
  Pikel (D:4)
  A rime drake (D:7)
  3 komodo dragons
  A harpy skeleton (D:7)
  A hippogriff (D:6)
  Sigmund (D:2)
  3 wyverns (D:7)
  10 yaks
  Edmund (D:5)
  A crocodile (D:7)
  2 water moccasins
  A porcupine (Lair:1)
  A swamp drake (D:7)
  An orc warrior (D:7)
  A slave (D:4)
  3 phantoms
  3 sky beasts
  An ice beast (D:5)
  A necrophage (D:6)
  4 ogres
  2 bullfrogs (D:7)
  2 water moccasin zombies (D:7)
  A water moccasin skeleton (D:5)
  5 scorpions
  A jelly (D:7)
  2 crimson imps
  4 hounds
  2 orc wizards
  2 bullfrog skeletons
  3 iguanas
  Ijyb (D:4)
  9 worker ants
  Robin (D:4)
  A howler monkey skeleton (D:4)
  6 adders
  An adder skeleton (D:4)
  5 worms
  5 leopard geckos
  19 orcs
  4 bats
  5 giant cockroaches
  16 goblins
  10 hobgoblins
  4 jackals
  9 kobolds
  6 quokkas
  A ball python (D:1)
  5 frilled lizards
  5 rats
  A plant (D:5)
179 creatures vanquished.

Notes
Turn   | Place    | Note
-------+----------+-------------------------------------------
     0 | D:1      | Finalfun the Octopode Fighter began the quest for the Orb.
     0 | D:1      | Reached XP level 1. HP: 16/16 MP: 1/1
    88 | D:1      | Reached XP level 2. HP: 21/21 MP: 2/2
   167 | D:1      | Reached skill level 3 in Unarmed Combat
   450 | D:1      | Found a sparkling altar of Nemelex Xobeh.
   464 | D:1      | Reached XP level 3. HP: 26/26 MP: 3/3
   874 | D:2      | Noticed Sigmund
  1186 | D:2      | Reached skill level 4 in Unarmed Combat
  1406 | D:2      | Reached XP level 4. HP: 13/31 MP: 4/4
  2181 | D:3      | Found a shadowy altar of Dithmenos.
  2235 | D:4      | Noticed Ijyb
  2235 | D:4      | Noticed an ogre
  2268 | D:4      | Found a shimmering altar of Xom.
  2282 | D:3      | Reached skill level 5 in Unarmed Combat
  2282 | D:3      | Reached XP level 5. HP: 18/36 MP: 5/5
  2381 | D:4      | Noticed Robin
  2589 | D:4      | Found an iron altar of Okawaru.
  2850 | D:4      | Reached skill level 6 in Unarmed Combat
  2850 | D:4      | Reached XP level 6. HP: 35/42 MP: 6/6
  2916 | D:4      | Noticed a slave
  2945 | D:4      | Noticed a slave
  2950 | D:5      | Entered Level 5 of the Dungeon
  2950 | D:5      | Found a sacrificial altar of Ru.
  2967 | D:5      | Found a shimmering altar of Xom.
  3113 | D:5      | Found Jauquis's Assorted Antiques.
  3113 | D:5      | Noticed a sky beast
  3144 | D:5      | Noticed Edmund
  3174 | D:5      | Found a radiant altar of Vehumet.
  3199 | D:5      | Found a shimmering altar of Xom.
  3226 | D:5      | Reached skill level 7 in Unarmed Combat
  3266 | D:5      | Noticed a necrophage
  3358 | D:5      | Noticed an ice beast
  3397 | D:5      | Reached XP level 7. HP: 40/46 MP: 7/7
  3642 | D:5      | Bought an embroidered hat for 189 gold pieces
  3752 | D:5      | Reached skill level 8 in Unarmed Combat
  3789 | D:5      | Noticed a hornet
  3917 | D:6      | Found a staircase to the Ecumenical Temple.
  3946 | Temple   | Entered the Ecumenical Temple
  4362 | Temple   | Became a worshipper of the Shining One
  4775 | D:6      | Reached XP level 8. HP: 49/54 MP: 8/8
  4872 | D:6      | Noticed a yak
  4873 | D:6      | Noticed a yak
  4873 | D:6      | Noticed a yak
  4890 | D:6      | Killed a yak
  4891 | D:6      | Reached skill level 5 in Fighting
  4915 | D:6      | Killed a yak
  5150 | D:6      | Killed a yak
  5334 | D:6      | Noticed a hippogriff
  5450 | D:7      | Reached skill level 5 in Dodging
  5810 | D:7      | Reached XP level 9. HP: 57/62 MP: 9/9
  5937 | D:7      | Reached skill level 5 in Shields
  6482 | D:7      | Noticed a komodo dragon
  6536 | D:6      | Reached skill level 9 in Unarmed Combat
  6832 | D:4      | Noticed Pikel
  6846 | D:4      | Killed Pikel
  6847 | D:4      | Reached skill level 10 in Unarmed Combat
  7014 | D:4      | Killed Ijyb
  7015 | D:4      | Reached XP level 10. HP: 66/68 MP: 10/10
  7117 | D:4      | Killed Robin
  7371 | D:2      | Killed Sigmund
  7841 | D:4      | Reached skill level 11 in Unarmed Combat
  7948 | D:5      | Killed Edmund
  8826 | D:7      | Reached * piety under the Shining One
  8832 | D:7      | Reached skill level 12 in Unarmed Combat
  8989 | D:7      | Found a staircase to the Lair.
  9098 | Lair:1   | Entered Level 1 of the Lair of Beasts
  9098 | Lair:1   | Found a gate leading to a gauntlet.
  9876 | D:7      | Reached XP level 11. HP: 38/72 MP: 11/11
 10102 | Lair:1   | Noticed Urug
 10196 | D:7      | Slain by a porcupine

Skill      XL: |  1  2  3  4  5  6  7  8  9 10 |
---------------+-------------------------------+-----
Unarmed Combat | 3 4 5 6 7 8 10 12 | 12.0
Fighting       | 4 6 |  6.9
Dodging        | 6 |  6.0
Shields        | 6 9 |  9.0
Stealth        | |  0.7

Action                   |  1- 3 |  4- 6 |  7- 9 | 10-12 || total
-------------------------+-------+-------+-------+-------++-------
Melee: Unarmed           |    94 |   108 |   180 |   148 ||   530
       Constrict         |    27 |    26 |    25 |    11 ||    89
       Tentacles         |    15 |    22 |    43 |    20 ||   100
       Punch             |     3 |     3 |    13 |    10 ||    29
Throw: Tomahawk          |       |       |     6 |       ||     6
       Stone             |       |       |     2 |       ||     2
  Use: Potion            |       |     3 |     2 |       ||     5
       Scroll            |       |     5 |       |     9 ||    14
 Stab: Sleeping          |     4 |     3 |       |       ||     7
  Eat: Chunk             |     4 |     9 |    12 |     8 ||    33
       Ration            |       |       |     1 |     1 ||     2
Armor: Skin              |     7 |     5 |    16 |     8 ||    36
Dodge: Dodged            |    24 |    18 |    60 |    47 ||   149
Block: Medium shield     |    37 |    39 |    58 |    67 ||   201
